 Dungeon Crawl Stone Soup version 0.17-a0-977-g4154171 (webtiles) character file.

84 Hanyuu the Insei (level 4, 0/28 HPs)
             Began as an Octopode Transmuter on May 11, 2015.
             Slain by Natasha (10 damage)
             ... on level 2 of the Dungeon.
             The game lasted 00:07:24 (2904 turns).

Hanyuu the Insei (Octopode Transmuter)              Turns: 2904, Time: 00:07:24

Health: 0/28       AC:  1    Str:  9    XL:     4   Next: 46%
Magic:  1/7        EV: 12    Int: 16    God:
Gold:   51         SH:  0    Dex: 12    Spells: 3 memorised, 1 level left

rFire  . . .     SeeInvis .       - Unarmed
rCold  . . .     Clarity  .     (no shield)
rNeg   . . .     SustAb   .     (helmet restricted)
rPois  .         Gourm    .     (no amulet)
rElec  .         Spirit   .     (no ring)
rCorr  .         Warding  .     (no ring)
rMut   .         Stasis   .     (no ring)
MR     .....                    (no ring)
Stlth  ++........               (no ring)
                                (no ring)
                                (no ring)
                                (no ring)

@: lethally poisoned (0 -> -3), very slightly contaminated, not resistant to
hostile enchantments, unstealthy
A: almost no armour, amphibious, 8 rings, constrict 8, camouflage 1, gelatinous
body 1
a: no special abilities


You were on level 2 of the Dungeon.
You were not hungry.

You visited 1 branch of the dungeon, and saw 3 of its levels.

You collected 51 gold pieces.

Inventory:

Missiles
 a - 85 arrows
 j - a throwing net
 m - 33 poisoned needles
 n - 5 javelins (quivered)
Magical devices
 q - a wand of fireball (5)
 r - a wand of confusion (30)
Scrolls
 i - 2 scrolls of recharging {unknown}
Potions
 d - a potion of poison {unknown}
 e - 3 potions of flight
 g - 2 potions of heal wounds {unknown}
 h - a potion of lignification {unknown}
 l - 2 potions of haste {unknown}
 p - 3 potions of agility
 s - a potion of degeneration {unknown}
Books
 b - a book of Changes

   Spells                             Type                      Level
   a - Beastly Appendage              Transmutation                1
   b - Sticks to Snakes               Transmutation                2
   c - Spider Form                    Transmutation/Poison         3
   d - Ice Form                       Ice/Transmutation            4
   e - Blade Hands                    Transmutation                5
Comestibles
 c - 3 bread rations
 f - 4 meat rations
 k - 4 fruits
 o - a chunk of flesh


   Skills:
 - Level 1.0 Fighting
 - Level 2.0 Dodging
 * Level 5.1 Unarmed Combat
 - Level 2.0 Spellcasting
 + Level 2.0 Transmutations


You had one spell level left.
You knew the following spells:

 Your Spells              Type           Power        Failure   Level  Hunger
a - Beastly Appendage     Trmt           #.....       10%         1    #......
b - Sticks to Snakes      Trmt           #.........   14%         2    ###....
c - Spider Form           Trmt/Pois      #.........   38%         3    ###....


Dungeon Overview and Level Annotations

Branches:
Dungeon (3/15)

Altars:

Annotations:
D:2 Natasha


Innate Abilities, Weirdness & Mutations

You cannot wear most types of armour.
You are amphibious.
You can wear up to eight rings at the same time.
You can use your tentacles to constrict eight enemies at once.
Your skin changes colour to match your surroundings (Stealth).
Your rubbery body absorbs attacks (AC +1).


Message History

You feel sick. x2
Natasha claws you!
You feel sick. Natasha misses you.
You climb upwards.
There is a stone staircase leading down here.
You bludgeon Natasha! Your grab misses Natasha. Your squeeze misses Natasha.
Natasha is heavily wounded.
You feel sick.
Natasha casts a spell.
You barely miss Natasha. You grab Natasha.
Natasha is heavily wounded.
You constrict Natasha, but do no damage.
Natasha claws you.
You barely miss Natasha.
Natasha is heavily wounded.
You constrict Natasha. Natasha barely misses you.
You tentacle-slap Natasha but do no damage.
Natasha is heavily wounded.
You constrict Natasha.
You feel sick. Natasha claws you!
You die...

.###.#...............# #......###
...(..)..............# #.........
.....................###.........
..)..................#......<....
..........)............######†...
...................##....##......
............######.#......#.###(#
..........#......#<#........##..#
...........#####@h5............<#
...........########............##
.......................#.......#.
.............................<.#.
...............(...............##
.##.....##...................####
........##...................#...
..###..###...................#..#
..# #.####...................##.#


You could see Natasha and a crimson imp.

Vanquished Creatures
  2 adders (D:2)
  2 worms (D:2)
  4 giant geckos
  An orc (D:3)
  4 bats
  4 hobgoblins
  3 quokkas (D:2)
  A ball python (D:2)
  3 giant cockroaches
  2 giant newts
  5 goblins
  10 kobolds
  20 rats
61 creatures vanquished.

Notes
Turn   | Place    | Note
--------------------------------------------------------------
     0 | D:1      | Hanyuu, the Octopode Transmuter, began the quest for the Orb.
     0 | D:1      | Reached XP level 1. HP: 13/13 MP: 3/3
   640 | D:1      | Reached XP level 2. HP: 18/18 MP: 5/5
   644 | D:1      | Learned a level 2 spell: Sticks to Snakes
  1471 | D:1      | Reached skill level 4 in Unarmed Combat
  1678 | D:2      | Reached XP level 3. HP: 21/23 MP: 6/6
  1789 | D:2      | HP: 1/23 [rat (1)]
  2131 | D:2      | Learned a level 3 spell: Spider Form
  2177 | D:2      | Reached XP level 4. HP: 18/28 MP: 2/7
  2352 | D:2      | Reached skill level 5 in Unarmed Combat
  2896 | D:3      | Noticed Natasha
  2904 | D:2      | Slain by Natasha

Vault maps used:
D:1:      elethiomel_arrival_shortcut, columned_hall_lemuel
D:2:      minmay_rat_hole
D:3:      evilmike_ruin_ashenzari, minitemple,
          yredelemnul_forgotten_temple_becter, lemuel_altar_in_water2,
          uniq_natasha, uniq_sigmund

Action                   |  1- 3 |  4- 6 || total
-------------------------+-------+-------++-------
Melee: Unarmed           |   111 |    22 ||   133
Throw: Javelin           |     2 |    12 ||    14
 Cast: Beastly Appendage |     2 |       ||     2
       Spider Form       |     1 |       ||     1
  Use: Scroll            |       |     6 ||     6
 Stab: Sleeping          |     4 |     2 ||     6
  Eat: Chunk             |     4 |     3 ||     7
